[Event "Early-Titled-Tuesday-Blitz-March-19-2024"]
[Site "Chess.com"]
[Date "2024.03.19"]
[Round "5"]
[White "vladislavkovalev"]
[Black "Anton_Demchenko"]
[Result "0-1"]
[WhiteElo "2861"]
[BlackElo "3023"]
[TimeControl "180+1"]
[EndTime "8:58:01 PDT"]
[Termination "Anton_Demchenko won by resignation"]

1. e4 e5 2. Nf3 Nc6 3. Bb5 a6 4. Ba4 Nge7 5. Nc3 d6 6. d3 h6 7. a3 Bd7 8. Bb3 g6 9. Be3 Bg7 10. Qd2 Nd4 11. Ba2 c5 12. Nd5 Be6 13. Bxd4 cxd4 14. Nxe7 Qxe7 15. Bxe6 Qxe6 16. O-O O-O 17.
Rfe1 Rac8 18. Rac1 Rc6 19. c3 dxc3 20. Rxc3 Rfc8 21.
Rec1 d5 22. g3 Qd6 23. Rxc6 Rxc6 24. Rxc6 Qxc6 25. Qe2 Bf6 26. h4 h5 27. Kg2 Kg7 28.
Kg1 b5 29. Kg2 a5 30. Kg1 a4 31. Kg2 Qc5 32. Kg1 b4 33. axb4 Qxb4 34. Kg2 Qb3 35.
Kg1 Kg8 36. Kg2 Bg7 37. Kg1 f6 38. exd5 Qxd5 39. Qe4 Qxe4 40. dxe4 Bh6 41. Ne1 Bc1 42. Nd3 Bxb2 43. Nb4 a3 44. Kf1 Kf7 45. Ke2 Ke6 46. Kd3 f5 47. exf5+ Kxf5 48. Ke3 Bd4+ 49. Kf3 e4+ 50. Ke2 Kg4 51. Ke1 Kf3 0-1

[Event "Early-Titled-Tuesday-Blitz-March-19-2024"]
[Site "Chess.com"]
[Date "2024.03.19"]
[Round "5"]
[White "TV27"]
[Black "venturov"]
[Result "0-1"]
[WhiteElo "2255"]
[BlackElo "2486"]
[TimeControl "180+1"]
[EndTime "8:58:02 PDT"]
[Termination "venturov won on time"]

1. f4 e5 2. fxe5 d6 3. exd6 Bxd6 4. Nf3 g5 5. g3 Nc6 6. d4 g4 7. Ne5 Bxe5 8. dxe5 Qxd1+ 9. Kxd1 Bf5 10. Bf4 O-O-O+ 11. Kc1 Nge7 12. Bg2 Nd4 13. Nc3 Nxc2 14. e4 Nxa1 15.
exf5 Nxf5 16. Kb1 Nd4 17. Kxa1 Ne6 18. Ne4 h5 19. Bg5 Nxg5 20. Nxg5 Rd2 21. Be4 Re2 22. Bf5+ Kb8 23. Nxf7 Rf8 24. e6 c6 25. Rf1 Kc7 26.
a3 a5 27. h3 gxh3 28. Bxh3 b5 29. Bf5 b4 30. axb4 axb4 31. Kb1 b3 32. Rd1 Kb6 33.
Bg6 Rxe6 34. Bxh5 Re3 35. g4 Rfe8 36. Nd6 Re1 37. g5 Rxd1+ 38. Bxd1 Re1 39. Kc1 Kc5 40.
Nf5 Rg1 41. Ne3 Kb4 42. Ng4 Rf1 43. g6 Rf8 44. g7 Rg8 45. Ne5 c5 46. Be2 Rxg7 47. Nd3+ Ka4 48. Bd1 c4 49. Nc5+ Kb4 0-1

[Event "Early-Titled-Tuesday-Blitz-March-19-2024"]
[Site "Chess.com"]
[Date "2024.03.19"]
[Round "5"]
[White "GMBenjaminBok"]
[Black "Firouzja2003"]
[Result "0-1"]
[WhiteElo "2971"]
[BlackElo "3094"]
[TimeControl "180+1"]
[EndTime "8:58:04 PDT"]
[Termination "Firouzja2003 won on time"]

1. d4 Nf6 2. c4 g6 3. g3 Bg7 4. Bg2 O-O 5. Nc3 d6 6. Nf3 c6 7. e4 e5 8. O-O Bg4 9. dxe5 Bxf3 10. Bxf3 dxe5 11. Qxd8 Rxd8 12. Be3 Na6 13. a3 Nc7 14. Rfd1 Rxd1+ 15. Rxd1 Ne6 16. Ne2 h5 17. Bg2 Ng4 18. Bc1 a5 19. f3 Nf6 20. Bh3 Nc5 21. Be3 Bf8 22. Kf2 a4 23. Nc3 Nb3 24. Ke2 Bc5 25. f4 Bd4 26. fxe5 Bxe5 27. Bb6 Bxc3 28. bxc3 Nxe4 29.
Rd8+ Rxd8 30. Bxd8 Nxc3+ 31. Kd3 Nb1 32. Be7 c5 33.
Bd7 Nxa3 34. Bxa4 Na5 35. Bxc5 N3xc4 36. Bd4 Nd6 37. Bc3 Nc6 38. Bb3 Kf8 39. h3 Ke7 40.
g4 hxg4 41. hxg4 f6 42. Ke3 g5 43. Bb2 Ne5 44. Ba3 Nxg4+ 45. Kd4 Kd7 46. Kd5 Ne3+ 47. Kc5 g4 48. Kd4 Ndf5+ 49. Ke4 g3 50. Kf3 g2 51. Kf2 Nd4 52. Ba4+ b5 53. Bc5 Nec2 54.
Bxc2 Nxc2 55. Kxg2 b4 56. Kf2 b3 0-1

[Event "Early-Titled-Tuesday-Blitz-March-19-2024"]
[Site "Chess.com"]
[Date "2024.03.19"]
[Round "5"]
[White "AlexTruskavetsky"]
[Black "Sanan_Sjugirov"]
[Result "1/2-1/2"]
[WhiteElo "2689"]
[BlackElo "3008"]
[TimeControl "180+1"]
[EndTime "8:58:04 PDT"]
[Termination "Game drawn by repetition"]

1. d4 Nf6 2. c4 g6 3. Nc3 Bg7 4. e4 d6 5. f4 O-O 6. Nf3 c5 7.
d5 e6 8. Bd3 exd5 9. cxd5 Bg4 10. O-O Nbd7 11. h3 Bxf3 12. Qxf3 a6 13. a4 Rc8 14. Bd2 c4 15. Be2 Re8 16. Rfe1 b5 17.
axb5 axb5 18. Bf1 b4 19. Nd1 Nc5 20. Nf2 Nb3 21. Rad1 c3 22. bxc3 Nxd2 23. Rxd2 Rxc3 24. Rd3 Nxd5 25. e5 Rxd3 26. Nxd3 dxe5 27. fxe5 Nc3 28.
Qf4 b3 29. Qb4 b2 30. Qxb2 Qd4+ 31. Qf2 Nb5 32. Qxd4 Nxd4 33. Re4 Ne6 34. h4 Rd8 35. Rc4 Bh6 36. Kf2 Bf8 37. g4 Be7 38. g5 Rb8 39.
Be2 Ng7 40. Bg4 h5 41. Bh3 Rb3 42. Ke2 Rb7 43. Nf4 Rb5 44. Nd3 Bf8 45. Rc8 Rb7 46.
Ke3 Re7 47. Ke4 Ra7 48. Nf4 Ra4+ 49. Kf3 Ra3+ 50. Ke4 Ra4+ 51. Kf3 Ra5 52. Ke4 Ra4+ 1/2-1/2

[Event "Early-Titled-Tuesday-Blitz-March-19-2024"]
[Site "Chess.com"]
[Date "2024.03.19"]
[Round "5"]
[White "temus_galaktionov"]
[Black "NelsonLinda"]
[Result "0-1"]
[WhiteElo "2850"]
[BlackElo "2663"]
[TimeControl "180+1"]
[EndTime "8:58:04 PDT"]
[Termination "NelsonLinda won by resignation"]

1. d4 Nf6 2. Nf3 g6 3. c4 Bg7 4. Nc3 O-O 5. e4 d6 6. Be2 e5 7.
O-O Nbd7 8. Be3 exd4 9. Nxd4 Re8 10. f3 c6 11. Qd2 d5 12. exd5 cxd5 13. cxd5 Nb6 14.
Bb5 Bd7 15. Bh6 a6 16. Bxg7 Kxg7 17. Bxd7 Qxd7 18. d6 Nc4 19. Qg5 h6 20. Qg3 Nh5 21. Qf2 Qxd6 22. Ne4 Qf4 23. b3 Nd6 24. Nxd6 Qxd6 25.
Rad1 Qb4 26. Qb2 Nf6 27. Kh1 Rac8 28. h3 Qc3 29. Qb1 Nh5 30. Rf2 Rcd8 31. Rfd2 Ng3+ 32. Kh2 Nf1+ 33. Rxf1 Qxd2 34. Rd1 Qf4+ 35. g3 Qe3 36. Qb2 Kh7 37. h4 Rd5 38. Kh3 Red8 39. h5 Rxd4 40. hxg6+ fxg6 41. Rf1 Qe6+ 42. g4 Rd2 43. Qc3 Qd6 44.
Rh1 Rd3 45. Qe1 Rxf3+ 46. Kg2 Rd3 47. g5 Rd2+ 48. Kh3 Qd3+ 49. Qg3 Qxg3+ 50. Kxg3 R8d3+ 51. Kf4 h5 52. Rc1 Rd4+ 53. Ke3 R2d3+ 54. Ke2 Rd7 55.
Rc8 R3d5 56. Kf3 Rxg5 57. Kf4 Rf5+ 58. Ke4 h4 59. Rc3 Re7+ 60. Kd4 Rh5 61. Rh3 g5 62.
Rh1 g4 63. Kd3 h3 0-1

[Event "Early-Titled-Tuesday-Blitz-March-19-2024"]
[Site "Chess.com"]
[Date "2024.03.19"]
[Round "5"]
[White "Juicy_Fork"]
[Black "Danny_Billiards"]
[Result "0-1"]
[WhiteElo "2537"]
[BlackElo "2762"]
[TimeControl "180+1"]
[EndTime "8:58:04 PDT"]
[Termination "Danny_Billiards won on time"]

1. e4 e6 2. d4 d5 3. Nc3 dxe4 4. Nxe4 Nd7 5. Nf3 Ngf6 6. Bg5 h6 7. Bxf6 Nxf6 8.
Nxf6+ Qxf6 9. Bd3 Bd6 10. O-O O-O 11. c3 c5 12. dxc5 Bxc5 13. Qe2 Rb8 14. Rad1 Rd8 15. Qe5 Bd6 16. Qe4 g6 17. Nd4 a6 18. g3 e5 19. Nb3 Bh3 20. Rfe1 Bc7 21. Bf1 Bf5 22. Qe3 Kg7 23. Bg2 Bb6 24. Qf3 e4 25. Qe2 h5 26. h3 e3 27. fxe3 Qe5 28. Qf3 Rxd1 29. Rxd1 Bxe3+ 30. Kh1 Bb6 31. Qf4 Qxf4 32. gxf4 Re8 33.
Nd4 Bc8 34. Bd5 Bxh3 35. Bxb7 a5 36. Bc6 Re3 37. Kh2 Bg4 38. Rd2 Bc7 39. Nb5 Bxf4+ 40. Kg2 Rg3+ 41. Kf2 Rh3 42. Rd8 Bg5 43. Rd6 Bh4+ 44. Kg2 Rg3+ 45. Kh2 Re3 46. Bg2 Bg3+ 47. Kg1 Re1+ 48. Bf1 Bh3 0-1

[Event "Early-Titled-Tuesday-Blitz-March-19-2024"]
[Site "Chess.com"]
[Date "2024.03.19"]
[Round "5"]
[White "bescmelasti"]
[Black "suyu28"]
[Result "1/2-1/2"]
[WhiteElo "2679"]
[BlackElo "2848"]
[TimeControl "180+1"]
[EndTime "8:58:05 PDT"]
[Termination "Game drawn - insufficient material"]

1. e4 c6 2. d4 d5 3. exd5 cxd5 4. Bd3 Nc6 5. c3 Nf6 6. h3 g6 7. Nf3 Bf5 8. Be2 Bg7 9. Bf4 O-O 10. O-O Ne4 11. Nbd2 Re8 12. Re1 a6 13. Bf1 Rc8 14. Rc1 b5 15. a4 Qb6 16. axb5 axb5 17. b4 e5 18. Be3 exd4 19. Nxd4 Nxd4 20. Nxe4 Rxe4 21.
Bxd4 Bxd4 22. cxd4 Rxc1 23. Qxc1 Qxd4 24. Rd1 Qxb4 25. Rxd5 Re1 26. Qd2 Qxd2 27. Rxd2 b4 28. g4 Be6 29. Kg2 b3 30. Bd3 Bd5+ 31. Kg3 Kg7 32. h4 Be4 33. Bc4 Rc1 34. Bxb3 Rc3+ 35. Kf4 Rxb3 36. Kxe4 Rh3 37. h5 gxh5 38. gxh5 Rxh5 39.
Kf4 Kg6 40. Kg4 Rg5+ 41. Kf4 f6 42. Rd8 h5 43. Rg8+ Kh6 44. Rh8+ Kg7 45. Ra8 h4 46.
Ra1 Kg6 47. Ra8 Rh5 48. Kg4 h3 49. Ra1 h2 50. Rh1 Rh8 51. Kg3 Kf5 52. Rxh2 Rxh2 53. Kxh2 Kf4 54. Kg2 f5 55. Kg1 Kf3 56. Kf1 f4 57.
Kg1 Ke2 58. Kg2 Ke1 59. Kf3 Kf1 60. Kxf4 Kxf2 1/2-1/2

[Event "Early-Titled-Tuesday-Blitz-March-19-2024"]
[Site "Chess.com"]
[Date "2024.03.19"]
[Round "5"]
[White "margarita_2703"]
[Black "AwareIdea"]
[Result "1/2-1/2"]
[WhiteElo "2335"]
[BlackElo "2513"]
[TimeControl "180+1"]
[EndTime "8:58:05 PDT"]
[Termination "Game drawn by agreement"]

1. e4 Nc6 2. Nf3 d5 3. exd5 Qxd5 4. d4 Bg4 5. Be2 O-O-O 6. Kf1 Bxf3 7. Bxf3 Qxd4 8. Nc3 Qxd1+ 9. Bxd1 e6 10. Be3 Nf6 11. f3 Nd5 12. Nxd5 exd5 13. c3 Be7 14. Bb3 Na5 15. Rd1 Nxb3 16. axb3 a6 17. Bd4 f6 18. Kf2 Rhe8 19. Rhe1 Bd6 20. g3 Kd7 21. b4 Kc6 22. b3 b6 23. Be3 Be5 24. Bd4 Bxd4+ 25.
Rxd4 Re5 26. Red1 Rd6 27. Rg4 g6 28. Rh4 h5 29. Rhd4 Kd7 30. R1d2 Kc6 31. h4 g5 32. Rd1 Rf5 33. R1d3 Re5 34. Rd2 Rde6 35. R4d3 gxh4 36. gxh4 f5 37. Rd4 Re3 38. Rxd5 Rxc3 39.
Rxf5 Ree3 40. Rb2 Kb7 41. Rf4 Rxb3 42. Rxb3 Rxb3 43. Kg3 a5 44. bxa5 bxa5 45. Rf5 a4 46. Rxh5 Kb6 47. Rh8 Rb5 48. h5 a3 49. h6 a2 50. Rb8+ Ka7 51. Rxb5 a1=Q 52. Rg5 Qg1+ 53. Kf4 Qh2+ 54. Kf5 Qxh6 55. f4 Kb6 56. Rg6+ Qxg6+ 57.
Kxg6 c5 58. f5 c4 59. f6 c3 60. f7 c2 61. f8=Q c1=Q 62. Qb8+ Ka6 63. Qa8+ Kb6 64. Qd8+ Ka6 65. Qd3+ Kb6 66. Qb3+ Kc7 67. Qf7+ Kd8 68. Qf6+ Kd7 69. Qf7+ Kd6 70.
Qf6+ Kd5 71. Qf5+ 1/2-1/2

[Event "Early-Titled-Tuesday-Blitz-March-19-2024"]
[Site "Chess.com"]
[Date "2024.03.19"]
[Round "5"]
[White "wonderfultime"]
[Black "Iball95"]
[Result "1-0"]
[WhiteElo "3081"]
[BlackElo "2893"]
[TimeControl "180+1"]
[EndTime "8:58:06 PDT"]
[Termination "wonderfultime won by checkmate"]

1. d4 d5 2. Nf3 Nf6 3. Bf4 Bf5 4. c4 e6 5. Qb3 Nc6 6. Nbd2 Bb4 7. e3 O-O 8. a3 Bxd2+ 9. Nxd2 Na5 10.
Qc3 Nxc4 11. Nxc4 dxc4 12. Qxc4 Rc8 13. Be2 Ne4 14. f3 Nd6 15. Qb4 Qh4+ 16. Bg3 Qg5 17. Kf2 b6 18. Rac1 h5 19. Rhe1 h4 20. Bf4 Qe7 21.
e4 c5 22. dxc5 bxc5 23. Qa5 Bh7 24. Kg1 h3 25. g3 c4 26. Qb4 e5 27. Be3 Rfd8 28. Red1 Qf6 29. Rd5 Bg6 30. Rcd1 Ne8 31. Qc3 Rxd5 32. Rxd5 Qc6 33. Qxe5 Nf6 34. Rc5 Qb7 35.
Rxc8+ Qxc8 36. Kf2 Qb7 37. Qd4 Bxe4 38. fxe4 Nxe4+ 39. Ke1 Nf6 40. Bf1 Qh1 41. Qd8+ Kh7 42. Qd2 Qf3 43.
Qe2 Qf5 44. Qxc4 Qb1+ 45. Bc1 Kg8 46. Bd3 Qa1 47. Qc8+ Ne8 48. Qxe8# 1-0

[Event "Early-Titled-Tuesday-Blitz-March-19-2024"]
[Site "Chess.com"]
[Date "2024.03.19"]
[Round "5"]
[White "Elegance_Riks"]
[Black "yosephtaher"]
[Result "1/2-1/2"]
[WhiteElo "2769"]
[BlackElo "2958"]
[TimeControl "180+1"]
[EndTime "8:58:06 PDT"]
[Termination "Game drawn by repetition"]

1. Nf3 c5 2. c4 g6 3. d4 cxd4 4. Nxd4 Bg7 5. e4 Nc6 6. Be3 Nf6 7. Nc3 O-O 8. Be2 d6 9. O-O Bd7 10. h3 a5 11. Qc2 a4 12. Rfd1 Qa5 13. Rac1 Rfc8 14.
Ndb5 Ne5 15. b3 axb3 16. axb3 Bxb5 17. Nxb5 Qa2 18. Nc3 Qxc2 19. Rxc2 Nc6 20. Na4 Ra5 21. f3 Nd7 22. Kf2 Nb4 23. Rcd2 Na6 24. Nb6 Nxb6 25. Bxb6 Ra3 26. Rb1 Nc5 27. Bxc5 dxc5 28.
Rd7 Bd4+ 29. Kf1 Ra2 30. Rxb7 Rca8 31. b4 Rc2 32. bxc5 Raa2 33. Re1 Bxc5 34. Rbb1 Be3 35.
Ra1 Rxe2 36. Rxa2 Rxa2 37. Rxe3 Rc2 38. Re2 Rxc4 39. Kf2 Kg7 40. h4 Kf6 41. Kg3 Ke5 42. Rd2 Rc7 43. Rd5+ Ke6 44. Rd2 f5 45. exf5+ gxf5 46. Re2+ Kf6 47. Ra2 Rc6 48. Ra7 h6 49. Ra8 e5 50.
Rf8+ Ke6 51. Re8+ Kd5 52. Rf8 f4+ 53. Kh3 Kd4 54. Rd8+ Ke3 55. Re8 Rc5 56. Kg4 Kf2 57. Re6 h5+ 58. Kxh5 e4+ 59. Kg4 e3 60. Kxf4 Rc4+ 61.
Kg5 Rc5+ 62. Kg6 e2 63. Rxe2+ Kxe2 64. h5 Rc6+ 65. Kg7 Rc7+ 66. Kg6 Rc6+ 67. Kg7 Rc7+ 68. Kg6 Rc6+ 1/2-1/2

[Event "Early-Titled-Tuesday-Blitz-March-19-2024"]
[Site "Chess.com"]
[Date "2024.03.19"]
[Round "5"]
[White "Aswathchess"]
[Black "KhazhatulyAlikhan"]
[Result "1-0"]
[WhiteElo "2627"]
[BlackElo "2454"]
[TimeControl "180+1"]
[EndTime "8:58:06 PDT"]
[Termination "Aswathchess won by checkmate"]

1. d4 d5 2. c4 e6 3. Nf3 Nf6 4. g3 Be7 5. Bg2 O-O 6. O-O dxc4 7. Qc2 c5 8. dxc5 Bxc5 9. Qxc4 Nbd7 10. Nc3 a6 11. a4 Qe7 12. Bg5 h6 13. Bxf6 Nxf6 14.
Rfd1 Rb8 15. Rac1 Ba7 16. Ne5 Bd7 17. Nxd7 Nxd7 18. Qc7 Rfd8 19. Bxb7 Bb6 20. Qc6 Ne5 21. Qxb6 Rxd1+ 22. Rxd1 Rxb7 23. Qxa6 Rxb2 24. Qa8+ Kh7 25. Qe4+ Ng6 26. h4 Rb4 27. Qd3 h5 28. a5 Rg4 29. a6 f5 30. Ra1 Qa7 31. Qe3 Qc7 32. a7 f4 33. Qf3 fxg3 34. a8=Q gxf2+ 35. Kxf2 Qh2+ 36. Ke1 Qg1+ 37. Kd2 Qd4+ 38. Kc2 Rxh4 39.
Rh1 Rxh1 40. Qxh1 h4 41. Qae4 Qf6 42. Qhf3 Qg5 43. Qxe6 Kh6 44. Qff5 Qg2 45. Nd5 Kh7 46. Nf4 Qxe2+ 47. Nxe2 h3 48. Qexg6+ Kh8 49. Qc8# 1-0

[Event "Early-Titled-Tuesday-Blitz-March-19-2024"]
[Site "Chess.com"]
[Date "2024.03.19"]
[Round "5"]
[White "Goryachkina"]
[Black "Blitzstream"]
[Result "0-1"]
[WhiteElo "2643"]
[BlackElo "2830"]
[TimeControl "180+1"]
[EndTime "8:58:08 PDT"]
[Termination "Blitzstream won by resignation"]

1. e4 c5 2. Nf3 d6 3. d4 cxd4 4. Qxd4 Nc6 5. Qd3 Nf6 6. Nc3 g6 7.
Be2 Bg7 8. O-O O-O 9. Bg5 Bg4 10. h3 Bxf3 11. Qxf3 Nd4 12. Qd3 Nxe2+ 13. Nxe2 Rc8 14.
c3 Qb6 15. Qc2 Rc4 16. Nf4 e6 17. Bxf6 Bxf6 18. Rad1 Qc6 19. Rfe1 b5 20. a3 a5 21. Qe2 Rc8 22. Nd3 Bg7 23. Qe3 Rd8 24. Rd2 h5 25. Rdd1 d5 26. exd5 Rxd5 27. Nc1 b4 28. axb4 axb4 29. Rxd5 Qxd5 30. cxb4 Rxb4 31. b3 Rd4 32.
Qe2 Rd2 33. Qc4 Qf5 34. Rf1 Bd4 35. Ne2 Bb6 36. Qc8+ Kh7 37. Qc6 Qc5 38. Qxc5 Bxc5 39. Nc3 Bd4 40. Ne4 Rb2 41. Nd6 Kg7 42. Ne4 Rxb3 43.
Rd1 e5 44. Kf1 Rb2 45. Rd2 Rb1+ 46. Ke2 f5 47. Nd6 Rc1 48. Nb5 Bc5 49. Rd7+ Kf6 50. Rd2 e4 51. Nd6 Bb4 52. Rb2 Bxd6 0-1

[Event "Early-Titled-Tuesday-Blitz-March-19-2024"]
[Site "Chess.com"]
[Date "2024.03.19"]
[Round "5"]
[White "nikitakhoroshev"]
[Black "AndresDelgado77"]
[Result "1-0"]
[WhiteElo "2694"]
[BlackElo "2335"]
[TimeControl "180+1"]
[EndTime "8:58:09 PDT"]
[Termination "nikitakhoroshev won on time"]

1. e4 e6 2. d4 d5 3. Nc3 Nf6 4. Bg5 Bb4 5. e5 h6 6. Bd2 Bxc3 7. bxc3 Ne4 8. Bd3 Nxd2 9. Qxd2 c5 10. Nf3 c4 11. Be2 Nc6 12. O-O Bd7 13. Ne1 b5 14. f4 a5 15. Bg4 O-O 16. a3 Qb6 17. Kh1 b4 18. axb4 axb4 19. Nf3 b3 20. cxb3 Rxa1 21.
Rxa1 Qxb3 22. Ne1 Rb8 23. Bd1 Qb2 24. Ra2 Qxd2 25. Rxd2 Rb1 26. Kg1 Na5 27. Kf2 Nb3 28. Bxb3 cxb3 29. Nd3 Bb5 30. Nb2 Rc1 31. Nd1 Rc2 32. Ke3 Ba4 33. Nb2 Rxc3+ 34. Rd3 Rxd3+ 35. Kxd3 Bb5+ 36. Kc3 Bc4 37. Na4 g5 38. g3 gxf4 39. gxf4 Kg7 40. Nc5 Kg6 41. Nb7 Kf5 42. Nd6+ Kxf4 43.
Nxf7 h5 44. Nd8 Kf5 45. Kb2 h4 46. Kc3 h3 47. Kb2 Bb5 48. Kxb3 Bd7 49. Kc2 Kf4 50. Kd2 Kf3 51. Nf7 Kg2 52. Ke3 Kxh2 53. Kf2 1-0

[Event "Early-Titled-Tuesday-Blitz-March-19-2024"]
[Site "Chess.com"]
[Date "2024.03.19"]
[Round "5"]
[White "hell3raiser"]
[Black "Incognizance"]
[Result "1-0"]
[WhiteElo "2379"]
[BlackElo "1887"]
[TimeControl "180+1"]
[EndTime "8:58:09 PDT"]
[Termination "hell3raiser won by resignation"]

1. e4 c5 2. b3 e6 3. Bb2 d5 4. exd5 exd5 5. Bb5+ Bd7 6. Qe2+ Qe7 7. Nc3 Qxe2+ 8.
Ngxe2 Nf6 9. d4 Nc6 10. O-O-O a6 11. Bxc6 bxc6 12. Na4 cxd4 13. Nxd4 O-O-O 14. Nb6+ Kc7 15. Nxd7 Rxd7 16. f3 Bd6 17. Nf5 Bf4+ 18. Kb1 Rg8 19. g3 Bd6 20. Nxg7 Rxg7 21. Bxf6 Rg6 22. Bb2 Re6 23. Rde1 Rde7 24. Bc3 c5 25. Rxe6 fxe6 26. Re1 e5 27. Kc1 d4 28. Bd2 Kc6 29. Re4 Rf7 30. f4 Kd5 31. fxe5 Kxe4 32. exd6 Kd5 33. Bf4 h5 34.
Kd2 h4 35. Kd3 hxg3 36. hxg3 Kc6 37. Ke4 Rf8 38. g4 Re8+ 39. Kd3 Rg8 40. g5 Rf8 41. Ke4 Re8+ 42. Be5 Rg8 43. Kf5 Kd7 44. g6 Rf8+ 45.
Ke4 Rf2 46. g7 Rg2 47. Kd5 a5 48. Kxc5 Rxc2+ 49. Kxd4 Rc8 50. a4 Ke6 51. Ke4 Rb8 52. Bc3 Rd8 53. Bxa5 Re8 54. Bb4 Kf7+ 55. Kd5 Kxg7 56.
d7 Rd8 57. Kc6 Kf7 58. Ba5 Ra8 59. d8=Q Rxd8 60. Bxd8 1-0

[Event "Early-Titled-Tuesday-Blitz-March-19-2024"]
[Site "Chess.com"]
[Date "2024.03.19"]
[Round "5"]
[White "Muracle"]
[Black "GMAkobianSTL"]
[Result "0-1"]
[WhiteElo "2549"]
[BlackElo "2802"]
[TimeControl "180+1"]
[EndTime "8:58:11 PDT"]
[Termination "GMAkobianSTL won on time"]

1. d4 e6 2. Nf3 f5 3. g3 Nf6 4. Bg2 d5 5. O-O Bd6 6. c4 c6 7. Nc3 O-O 8. a4 a5 9. b3 Qe7 10. Bb2 Nbd7 11. Qc1 Ne4 12. Nd1 b6 13. Ba3 Ba6 14.
Bxd6 Qxd6 15. Nb2 Rac8 16. Nd3 c5 17. cxd5 cxd4 18. Qa3 Qxa3 19. Rxa3 e5 20. Re1 Rfe8 21. Bh3 g6 22. g4 Nc3 23. gxf5 Nxe2+ 24. Rxe2 Bxd3 25.
Rd2 Bxf5 26. Bxf5 gxf5 27. Nh4 f4 28. Nf5 f3 29. Ra1 Rc3 30. Rb1 Kf8 31. Nd6 Re7 32. Ne4 Rc8 33. Rd3 Rf7 34. Nd6 Nc5 35. Rxd4 exd4 36. Nxc8 Rg7+ 37. Kf1 Ne4 38. Rd1 d3 39. Rxd3 Rc7 40. Rxf3+ Kg7 41. Nxb6 Nd2+ 42. Kg2 Nxf3 43.
Kxf3 Rb7 44. Nc4 Rxb3+ 45. Ke4 Rb4 46. Kd4 Rxa4 47. d6 Kf7 48. Kc5 Ke6 49. d7 Ke7 50.
Kb5 Rb4+ 51. Kc5 Kxd7 52. Nxa5 Rf4 53. Nc4 Rxf2 54. h3 Rh2 55. Ne5+ Ke6 56. Nf3 Rh1 57. Kd4 Kf5 58. Nh4+ Kf4 59. Ng2+ Kg3 60. Ne3 Rxh3 61. Ke4 Rh4+ 62. Kf5 Kf3 63. Nd5 Rh5+ 64. Ke6 Rxd5 65. Kxd5 h5 66. Ke5 h4 67. Kf5 h3 0-1

[Event "Early-Titled-Tuesday-Blitz-March-19-2024"]
[Site "Chess.com"]
[Date "2024.03.19"]
[Round "5"]
[White "nabukatnezarr"]
[Black "Ati1517"]
[Result "1-0"]
[WhiteElo "2575"]
[BlackElo "2245"]
[TimeControl "180+1"]
[EndTime "8:58:12 PDT"]
[Termination "nabukatnezarr won on time"]

1. Nf3 Nf6 2. g3 g6 3. b3 Bg7 4. Bb2 O-O 5. c4 d6 6. d4 c6 7. Bg2 Nbd7 8. O-O Qc7 9. Nbd2 e5 10. e3 e4 11. Ng5 d5 12. cxd5 cxd5 13. Rc1 Qd8 14.
Qc2 h6 15. Nh3 b6 16. Qc7 Ba6 17. Qxd8 Rfxd8 18. Rfe1 Rac8 19. Nf4 g5 20. Ne2 Rxc1 21. Nxc1 Rc8 22. Ba3 Rc2 23. Nb1 Ng4 24. f3 exf3 25. Bxf3 Nxh2 26. Bxd5 Nf6 27. Ba8 Nhg4 28. Bd6 Nf2 29.
Na3 Nh3+ 30. Kh1 Rb2 31. Bg2 Ng4 32. Nc4 Bxc4 33. bxc4 Nhf2+ 34. Kg1 Rd2 35. c5 bxc5 36. dxc5 Nd3 37. Nxd3 Rxd3 38. Be4 Rc3 39. Bb7 Bf8 40. Bxf8 Kxf8 41. c6 Nxe3 42. Rxe3 Rc1+ 43. Kf2 g4 44. Re4 Rc2+ 45. Ke3 f5 46. Re5 Rc3+ 47. Kd4 Rc2 48. Rxf5+ Ke7 49. Rf4 Rd2+ 50. Kc3 Rxa2 51. c7 Ra1 52. c8=Q Rc1+ 53. Kd4 Rxc8 54. Bxc8 Kd6 55.
Bxg4 Kc7 56. Rf6 a5 57. Rxh6 a4 58. Kc3 a3 59. Kb3 a2 60. Kxa2 1-0

[Event "Early-Titled-Tuesday-Blitz-March-19-2024"]
[Site "Chess.com"]
[Date "2024.03.19"]
[Round "5"]
[White "chess_blitz00"]
[Black "ZenBull"]
[Result "0-1"]
[WhiteElo "2456"]
[BlackElo "2327"]
[TimeControl "180+1"]
[EndTime "8:58:12 PDT"]
[Termination "ZenBull won on time"]

1. Nf3 d6 2. d4 Nf6 3. Nc3 Nbd7 4. e4 e5 5. Bc4 Be7 6. O-O O-O 7. Re1 c6 8. a4 a5 9. h3 exd4 10. Nxd4 Nc5 11.
Nb3 Nxb3 12. Bxb3 Be6 13. Bxe6 fxe6 14. Be3 d5 15. e5 Nd7 16. f4 Bc5 17. Bxc5 Nxc5 18.
Qg4 Qe7 19. Rad1 Rad8 20. b3 Qf7 21. Ne2 Ne4 22. Nd4 Rde8 23. Rf1 g6 24. Rd3 Qe7 25. h4 Kh8 26. h5 Rg8 27. h6 Rgf8 28.
Ne2 Qc5+ 29. Nd4 Rf7 30. Kh2 Qe7 31. g3 Nc5 32. Rdf3 Ne4 33. Re1 Nc5 34. Re2 Qf8 35. Ref2 Qxh6+ 36. Kg2 Qf8 37. Rf1 Qe7 38. Rh1 Rg7 39.
Rh4 Rf8 40. Qh3 Rff7 41. Rh6 Kg8 42. Rf1 Rf8 43. Rh1 Rff7 44. Qh4 Qxh4 45. R1xh4 Re7 46.
Rh3 Ne4 47. Kf3 Nd2+ 48. Ke2 Ne4 49. g4 Rgf7 50. Ke3 Nc5 51. c3 Nd7 52. Nf3 Nf8 53. Ng5 Rg7 54. Rf3 Nd7 55. Kd4 b6 56. b4 c5+ 57.
bxc5 Nxc5 58. c4 dxc4 59. Kxc4 Nxa4 60. Ne4 Rb7 61. Nf6+ Kh8 62. Kb5 Nc5 0-1

[Event "Early-Titled-Tuesday-Blitz-March-19-2024"]
[Site "Chess.com"]
[Date "2024.03.19"]
[Round "5"]
[White "Mandaloriana19"]
[Black "Lovetov"]
[Result "1-0"]
[WhiteElo "2393"]
[BlackElo "2538"]
[TimeControl "180+1"]
[EndTime "8:58:13 PDT"]
[Termination "Mandaloriana19 won on time"]

1. d4 Nf6 2. Nf3 g6 3. g3 Bg7 4.
Bg2 O-O 5. O-O d6 6. Nbd2 Nc6 7. e4 e5 8. d5 Ne7 9. c4 a5 10. b3 h6 11. Qc2 Nd7 12. Nb1 f5 13. Nfd2 Nc5 14.
Nc3 f4 15. f3 h5 16. Ba3 g5 17. Bxc5 dxc5 18. Nb5 Ng6 19. Rad1 fxg3 20. hxg3 h4 21. g4 Nf4 22. d6 cxd6 23. Nb1 Ra6 24. N1c3 Ne6 25. Qd2 Nd4 26. Nd5 Rc6 27. Ne3 Rf4 28. Nf5 Bf8 29. Nc3 Rc7 30. Nd5 Rf7 31. Nxf4 exf4 32.
Rde1 Bxf5 33. exf5 Bg7 34. Re4 Re7 35. Rfe1 Re5 36.
Rxe5 Bxe5 37. Qd3 Qd7 38. Qe4 Qc6 39. Qd5+ Qxd5 40. cxd5 b5 41. Kf2 Nc2 42. Rxe5 dxe5 43. Bf1 Nd4 44. d6 Kf7 45. Kg2 Kf6 46. Bd3 c4 47. bxc4 b4 48. c5 a4 49. Bc4 e4 50.
fxe4 f3+ 51. Kf2 h3 52. Kg3 b3 53. axb3 a3 54. b4 Nc6 55. b5 Ne5 56. Ba2 Nxg4 57.
Kxh3 1-0

[Event "Early-Titled-Tuesday-Blitz-March-19-2024"]
[Site "Chess.com"]
[Date "2024.03.19"]
[Round "5"]
[White "igorknyazev"]
[Black "AsaHoffmann"]
[Result "1-0"]
[WhiteElo "2239"]
[BlackElo "2428"]
[TimeControl "180+1"]
[EndTime "8:58:13 PDT"]
[Termination "igorknyazev won on time"]

1. e4 d6 2. d4 Nf6 3. Nc3 c6 4.
f4 Qa5 5. Bd3 e5 6. fxe5 dxe5 7.
d5 Bc5 8. Bd2 Qc7 9. Nf3 Bg4 10.
Na4 Nbd7 11. Nxc5 Nxc5 12. dxc6 bxc6 13. O-O Rd8 14. Qe2 Nxd3 15. cxd3 Qd6 16. Ba5 Rd7 17. Rac1 O-O 18. Qe3 Bxf3 19. gxf3 Rc8 20. Rcd1 Nh5 21. d4 exd4 22. Qg5 Qg6 23. Qxg6 hxg6 24. f4 Nf6 25. e5 Ng4 26. Rd3 c5 27. b3 c4 28. bxc4 Rxc4 29.
Bd2 g5 30. h3 gxf4 31. hxg4 g5 32. a3 Rd5 33. Re1 Kg7 34. e6 fxe6 35. Rxe6 Kf7 36.
Re4 a5 37. Kg2 Rc2 38. Rexd4 Rxd4 39. Rxd4 Ke6 40. Kf3 Ke5 41. Rd3 Ra2 42. Bc3+ Ke6 43. Bxa5 Rh2 44. Bb4 Rh3+ 45. Ke4 Rh4 46. Rd6+ Kf7 47.
Kf5 f3 48. Rd7+ Ke8 49. Re7+ Kd8 50. Kxg5 Rh1 51. Rf7 Rf1 52. Bc5 Ke8 53. Rf5 Kd7 54. Kf6 Kc6 55. Be3 Kd6 56. g5 Kd7 57. g6 Rg1 58. g7 Rg3 59. Bg5 1-0

[Event "Early-Titled-Tuesday-Blitz-March-19-2024"]
[Site "Chess.com"]
[Date "2024.03.19"]
[Round "5"]
[White "The_Machine04"]
[Black "Durarbayli"]
[Result "1/2-1/2"]
[WhiteElo "2834"]
[BlackElo "2991"]
[TimeControl "180+1"]
[EndTime "8:58:14 PDT"]
[Termination "Game drawn - insufficient material"]

1. d4 Nf6 2. Nf3 b6 3. Nbd2 Bb7 4. e3 e6 5. Bd3 d5 6. Ne5 Nbd7 7. f4 Be7 8. Qf3 O-O 9. O-O c5 10.
c3 a5 11. a4 Ba6 12. Bxa6 Rxa6 13. g4 Nxe5 14. fxe5 Nd7 15. Qe2 Ra8 16. Nf3 f5 17. h3 Rf7 18. Bd2 Qc7 19. Rf2 Raf8 20. Raf1 Qd8 21. Be1 f4 22. exf4 Rxf4 23. Bd2 R4f7 24.
b3 Nb8 25. Qb5 Qc7 26. Bg5 Qc6 27. Bxe7 Rxe7 28. dxc5 Qxb5 29. axb5 bxc5 30. Ra2 Ref7 31. Nd2 Ra7 32. Rxf8+ Kxf8 33. Nf3 Nd7 34. Ra4 Nb6 35. Ra2 Ke7 36. Kg2 Ra8 37. h4 a4 38. bxa4 Rxa4 39.
Rxa4 Nxa4 40. h5 h6 41. c4 dxc4 42. Kf2 c3 43. Ke3 c4 44. Ne1 Kd7 45. Kd4 Kc7 46. Kxc4 Kb6 47. Kb4 Nc5 48. Kxc3 Kxb5 49. Kd4 Kc6 50. Nf3 Nb3+ 51. Ke4 Kc5 52. g5 hxg5 53. Nxg5 Nd2+ 54. Kd3 Nc4 55. Nxe6+ Kd5 56. Nc7+ Kxe5 57. Kxc4 Kf5 58. Ne8 Kg5 59. Nxg7 Kh6 60. Kd5 Kxg7 61. Ke4 Kh6 62. Kf4 Kxh5 1/2-1/2